Workbook
Name range: #REF!
Name range: #REF!
Name range: #REF!

Sheet Расходы (2)
A1: Приложение 2 к пояснительной записке
A2: Изменение распределения бюджетных ассигнований по ведомственной структуре расходов бюджета Клетнянского муниципального района Брянской области на 2026 год и на плановый период 2027 и 2028 годов
A3: рублей
A4: Наименование | B4: ГРБС | C4: Рз | D4: Пр | E4: ЦСР | F4: ВР | G4: Предыдущее решение 2026 год | H4: Изменение 2026 год (+/-) | I4: Итог 2026 год | J4: Предыдущее решение 2026 год | K4: Изменение 2027 год (+/-) | L4: Итог 2027 год | M4: Предыдущее решение 2028 год | N4: Изменение 2028 год (+/-) | O4: Итог 2028 год
A5: 1 | B5: 2 | C5: 3 | D5: 4 | E5: 5 | F5: 6 | G5: 7 | H5: 8 | I5: 9 | J5: 10 | K5: 11 | L5: 12 | M5: 13 | N5: 14 | O5: 15
A6: Администрация Клетнянского района | B6: 851 | G6: =G7+G119+G129+G146+G190+G217+G227+G252+G307+G330 -> 4.2186407e+08 | H6: =H7+H119+H129+H146+H190+H217+H227+H252+H307+H330 -> 8554725 | I6: =I7+I119+I129+I146+I190+I217+I227+I252+I307+I330 -> 4.304188e+08 | J6: =J7+J119+J129+J146+J190+J217+J227+J252+J307+J330 -> 1.8011994e+08 | K6: =K7+K119+K129+K146+K190+K217+K227+K252+K307+K330 -> 0 | L6: =L7+L119+L129+L146+L190+L217+L227+L252+L307+L330 -> 1.8011994e+08 | M6: =M7+M119+M129+M146+M190+M217+M227+M252+M307+M330 -> 1.4892004e+08 | N6: =N7+N119+N129+N146+N190+N217+N227+N252+N307+N330 -> 0 | O6: =O7+O119+O129+O146+O190+O217+O227+O252+O307+O330 -> 1.4892004e+08
A7: Общегосударственные вопросы | B7: 851 | C7: 01 | G7: =G8+G97+G102 -> 47809707 | H7: =H8+H97+H102 -> 0 | I7: =I8+I97+I102 -> 47809707 | J7: =J8+J97+J102 -> 42654266 | K7: =K8+K97+K102 -> -3334131 | L7: =L8+L97+L102 -> 39320135 | M7: =M8+M97+M102 -> 42654620 | N7: =N8+N97+N102 -> 0 | O7: =O8+O97+O102 -> 42654620
A8: Функционирование Правительства Российской Федерации, высших исполнительных органов субъектов Российской Федерации, местных администраций | B8: 851 | C8: 01 | D8: 04 | G8: =G9+G17+G25+G29+G37+G45+G50+G77+G65+G69+G73+G81+G85+G89+G93 -> 41786328 | H8: =H9+H17+H25+H29+H37+H45+H50+H77+H65+H69+H73+H81+H85+H89+H93 -> 0 | I8: =I9+I17+I25+I29+I37+I45+I50+I77+I65+I69+I73+I81+I85+I89+I93 -> 41786328 | J8: =J9+J17+J25+J29+J37+J45+J50+J77+J65+J69+J73+J81+J85+J89+J93 -> 37253558 | K8: =K9+K17+K25+K29+K37+K45+K50+K77+K65+K69+K73+K81+K85+K89+K93 -> -3334131 | L8: =L9+L17+L25+L29+L37+L45+L50+L77+L65+L69+L73+L81+L85+L89+L93 -> 33919427 | M8: =M9+M17+M25+M29+M37+M45+M50+M77+M65+M69+M73+M81+M85+M89+M93 -> 37253558 | N8: =N9+N17+N25+N29+N37+N45+N50+N77+N65+N69+N73+N81+N85+N89+N93 -> 0 | O8: =O9+O17+O25+O29+O37+O45+O50+O77+O65+O69+O73+O81+O85+O89+O93 -> 37253558
A9: Осуществление отдельных государственных полномочий Брянской области в сфере деятельности по профилактике безнадзорности и правонарушений несовершеннолетних, организации деятельности административных комиссий и определения перечня должностных лиц органов местного самоуправления, уполномоченных составлять протоколы об административных правонарушениях (осуществление отдельных государственных полномочий Брянской области в сфере деятельности по профилактике безнадзорности и правонарушений несовершеннолетних) | B9: 851 | C9: 01 | D9: 04 | E9: 51 4 01 12021 | G9: =G10+G14 -> 766676 | H9: =H10+H14 -> 0 | I9: =G9+H9 -> 766676 | J9: =J10+J14 -> 766676 | K9: =K10+K14 -> 0 | L9: =L10+L14 -> 766676 | M9: =M10+M14 -> 766676 | N9: =N10+N14 -> 0 | O9: =O10+O14 -> 766676
A10: Расходы на выплаты персоналу в целях обеспечения выполнения функций государственными (муниципальными) органами, казенными учреждениями, органами управления государственными внебюджетными фондами | B10: 851 | C10: 01 | D10: 04 | E10: 51 4 01 12021 | F10: 100 | G10: =G11 -> 747400 | H10: =H11 -> 0 | I10: =G10+H10 -> 747400 | J10: =J11 -> 747400 | K10: =K11 -> 0 | L10: =L11 -> 747400 | M10: =M11 -> 747400 | N10: =N11 -> 0 | O10: =O11 -> 747400
A11: Расходы на выплаты персоналу государственных (муниципальных) органов | B11: 851 | C11: 01 | D11: 04 | E11: 51 4 01 12021 | F11: 120 | G11: =G12+G13 -> 747400 | H11: =H12+H13 -> 0 | I11: =G11+H11 -> 747400 | J11: =J12+J13 -> 747400 | K11: =K12+K13 -> 0 | L11: =L12+L13 -> 747400 | M11: =M12+M13 -> 747400 | N11: =N12+N13 -> 0 | O11: =O12+O13 -> 747400
A12: Фонд оплаты труда государственных (муниципальных) органов | B12: 851 | C12: 01 | D12: 04 | E12: 51 4 01 12021 | F12: 121 | G12: 574100 | I12: =G12+H12 -> 574100 | J12: 574100 | L12: =J12+K12 -> 574100 | M12: 574100 | O12: =M12+N12 -> 574100
A13: Взносы по обязательному социальному страхованию на выплаты денежного содержания и иные выплаты работникам государственных (муниципальных) органов | B13: 851 | C13: 01 | D13: 04 | E13: 51 4 01 12021 | F13: 129 | G13: 173300 | I13: =G13+H13 -> 173300 | J13: 173300 | L13: =J13+K13 -> 173300 | M13: 173300 | O13: =M13+N13 -> 173300
A14: Закупка товаров, работ и услуг для обеспечения государственных (муниципальных) нужд | B14: 851 | C14: 01 | D14: 04 | E14: 51 4 01 12021 | F14: 200 | G14: =G15 -> 19276 | H14: =H15 -> 0 | I14: =G14+H14 -> 19276 | J14: =J15 -> 19276 | K14: =K15 -> 0 | L14: =L15 -> 19276 | M14: =M15 -> 19276 | N14: =N15 -> 0 | O14: =O15 -> 19276
A15: Иные закупки товаров, работ и услуг для обеспечения государственных (муниципальных) нужд | B15: 851 | C15: 01 | D15: 04 | E15: 51 4 01 12021 | F15: 240 | G15: =G16 -> 19276 | H15: =H16 -> 0 | I15: =G15+H15 -> 19276 | J15: =J16 -> 19276 | K15: =K16 -> 0 | L15: =L16 -> 19276 | M15: =M16 -> 19276 | N15: =N16 -> 0 | O15: =O16 -> 19276
A16: Прочая закупка товаров, работ и услуг | B16: 851 | C16: 01 | D16: 04 | E16: 51 4 01 12021 | F16: 244 | G16: 19276 | I16: =G16+H16 -> 19276 | J16: 19276 | L16: =J16+K16 -> 19276 | M16: 19276 | O16: =M16+N16 -> 19276
A17: Осуществление отдельных государственных полномочий Брянской области в сфере деятельности по профилактике безнадзорности и правонарушений несовершеннолетних, организации деятельности административных комиссий и определения перечня должностных лиц органов местного самоуправления, уполномоченных составлять протоколы об административных правонарушениях (осуществление отдельных государственных полномочий Брянской области по организации деятельности административных комиссий) | B17: 851 | C17: 01 | D17: 04 | E17: 51 4 01 12022 | G17: =G18+G22 -> 766676 | H17: =H18+H22 -> 0 | I17: =G17+H17 -> 766676 | J17: =J18+J22 -> 766676 | K17: =K18+K22 -> 0 | L17: =L18+L22 -> 766676 | M17: =M18+M22 -> 766676 | N17: =N18+N22 -> 0 | O17: =O18+O22 -> 766676
A18: Расходы на выплаты персоналу в целях обеспечения выполнения функций государственными (муниципальными) органами, казенными учреждениями, органами управления государственными внебюджетными фондами | B18: 851 | C18: 01 | D18: 04 | E18: 51 4 01 12022 | F18: 100 | G18: =G19 -> 704100 | H18: =H19 -> 0 | I18: =G18+H18 -> 704100 | J18: =J19 -> 704100 | K18: =K19 -> 0 | L18: =L19 -> 704100 | M18: =M19 -> 704100 | N18: =N19 -> 0 | O18: =O19 -> 704100
A19: Расходы на выплаты персоналу государственных (муниципальных) органов | B19: 851 | C19: 01 | D19: 04 | E19: 51 4 01 12022 | F19: 120 | G19: =G20+G21 -> 704100 | H19: =H20+H21 -> 0 | I19: =G19+H19 -> 704100 | J19: =J20+J21 -> 704100 | K19: =K20+K21 -> 0 | L19: =L20+L21 -> 704100 | M19: =M20+M21 -> 704100 | N19: =N20+N21 -> 0 | O19: =O20+O21 -> 704100
A20: Фонд оплаты труда государственных (муниципальных) органов | B20: 852 | C20: 01 | D20: 04 | E20: 51 4 01 12022 | F20: 121 | G20: 540800 | I20: =G20+H20 -> 540800 | J20: 540800 | L20: =J20+K20 -> 540800 | M20: 540800 | O20: =M20+N20 -> 540800
A21: Взносы по обязательному социальному страхованию на выплаты денежного содержания и иные выплаты работникам государственных (муниципальных) органов | B21: 852 | C21: 01 | D21: 04 | E21: 51 4 01 12022 | F21: 129 | G21: 163300 | I21: =G21+H21 -> 163300 | J21: 163300 | L21: =J21+K21 -> 163300 | M21: 163300 | O21: =M21+N21 -> 163300
A22: Закупка товаров, работ и услуг для обеспечения государственных (муниципальных) нужд | B22: 851 | C22: 01 | D22: 04 | E22: 51 4 01 12022 | F22: 200 | G22: =G23 -> 62576 | H22: =H23 -> 0 | I22: =G22+H22 -> 62576 | J22: =J23 -> 62576 | K22: =K23 -> 0 | L22: =L23 -> 62576 | M22: =M23 -> 62576 | N22: =N23 -> 0 | O22: =O23 -> 62576
A23: Иные закупки товаров, работ и услуг для обеспечения государственных (муниципальных) нужд | B23: 851 | C23: 01 | D23: 04 | E23: 51 4 01 12022 | F23: 240 | G23: =G24 -> 62576 | H23: =H24 -> 0 | I23: =G23+H23 -> 62576 | J23: =J24 -> 62576 | K23: =K24 -> 0 | L23: =L24 -> 62576 | M23: =M24 -> 62576 | N23: =N24 -> 0 | O23: =O24 -> 62576
A24: Прочая закупка товаров, работ и услуг | B24: 851 | C24: 01 | D24: 04 | E24: 51 4 01 12021 | F24: 244 | G24: 62576 | I24: =G24+H24 -> 62576 | J24: 62576 | L24: =J24+K24 -> 62576 | M24: 62576 | O24: =M24+N24 -> 62576
A25: Осуществление отдельных государственных полномочий Брянской области в сфере деятельности по профилактике безнадзорности и правонарушений несовершеннолетних, организации деятельности административных комиссий и определения перечня должностных лиц органов местного самоуправления, уполномоченных составлять протоколы об административных правонарушениях (осуществление отдельных государственных полномочий Брянской области по определению перечня должностных лиц органов местного самоуправления, уполномоченных составлять протоколы об административных правонарушениях) | B25: 851 | C25: 01 | D25: 04 | E25: 51 4 01 12023 | G25: =G26 -> 400 | H25: =H26 -> 0 | I25: =G25+H25 -> 400 | J25: =J26 -> 400 | K25: =K26 -> 0 | L25: =L26 -> 400 | M25: =M26 -> 400 | N25: =N26 -> 0 | O25: =O26 -> 400
A26: Закупка товаров, работ и услуг для обеспечения государственных (муниципальных) нужд | B26: 851 | C26: 01 | D26: 04 | E26: 51 4 01 12023 | F26: 200 | G26: =G27 -> 400 | H26: =H27 -> 0 | I26: =G26+H26 -> 400 | J26: =J27 -> 400 | K26: =K27 -> 0 | L26: =L27 -> 400 | M26: =M27 -> 400 | N26: =N27 -> 0 | O26: =O27 -> 400
A27: Иные закупки товаров, работ и услуг для обеспечения государственных (муниципальных) нужд | B27: 851 | C27: 01 | D27: 04 | E27: 51 4 01 12023 | F27: 240 | G27: =G28 -> 400 | H27: =H28 -> 0 | I27: =G27+H27 -> 400 | J27: =J28 -> 400 | K27: =K28 -> 0 | L27: =L28 -> 400 | M27: =M28 -> 400 | N27: =N28 -> 0 | O27: =O28 -> 400
A28: Прочая закупка товаров, работ и услуг | B28: 851 | C28: 01 | D28: 04 | E28: 51 4 01 12023 | F28: 244 | G28: 400 | I28: =G28+H28 -> 400 | J28: 400 | L28: =J28+K28 -> 400 | M28: 400 | O28: =M28+N28 -> 400
A29: Установление регулируемых тарифов на регулярные перевозки пассажиров и багажа автомобильным транспортом и городским наземным электрическим транспортом по муниципальным маршрутам регулярных перевозок | B29: 851 | C29: 01 | D29: 04 | E29: 51 4 01 17390 | G29: =G30+G34 -> 76668 | H29: =H30+H34 -> 0 | I29: =G29+H29 -> 76668 | J29: =J30+J34 -> 76668 | K29: =K30+K34 -> 0 | L29: =L30+L34 -> 76668 | M29: =M30+M34 -> 76668 | N29: =N30+N34 -> 0 | O29: =O30+O34 -> 76668
A30: Расходы на выплаты персоналу в целях обеспечения выполнения функций государственными (муниципальными) органами, казенными учреждениями, органами управления государственными внебюджетными фондами | B30: 851 | C30: 01 | D30: 04 | E30: 51 4 01 17390 | F30: 100 | G30: =G31 -> 54850 | H30: =H31 -> 0 | I30: =G30+H30 -> 54850 | J30: =J31 -> 54850 | K30: =K31 -> 0 | L30: =L31 -> 54850 | M30: =M31 -> 54850 | N30: =N31 -> 0 | O30: =O31 -> 54850
A31: Расходы на выплаты персоналу государственных (муниципальных) органов | B31: 851 | C31: 01 | D31: 04 | E31: 51 4 01 17390 | F31: 120 | G31: =G32+G33 -> 54850 | H31: =H32+H33 -> 0 | I31: =G31+H31 -> 54850 | J31: =J32+J33 -> 54850 | K31: =K32+K33 -> 0 | L31: =L32+L33 -> 54850 | M31: =M32+M33 -> 54850 | N31: =N32+N33 -> 0 | O31: =O32+O33 -> 54850
A32: Фонд оплаты труда государственных (муниципальных) органов | B32: 851 | C32: 01 | D32: 04 | E32: 51 4 01 17390 | F32: 121 | G32: 42128 | I32: =G32+H32 -> 42128 | J32: 42128 | L32: =J32+K32 -> 42128 | M32: 42128 | O32: =M32+N32 -> 42128
A33: Взносы по обязательному социальному страхованию на выплаты денежного содержания и иные выплаты работникам государственных (муниципальных) органов | B33: 851 | C33: 01 | D33: 04 | E33: 51 4 01 17390 | F33: 129 | G33: 12722 | I33: =G33+H33 -> 12722 | J33: 12722 | L33: =J33+K33 -> 12722 | M33: 12722 | O33: =M33+N33 -> 12722
A34: Закупка товаров, работ и услуг для обеспечения государственных (муниципальных) нужд | B34: 851 | C34: 01 | D34: 04 | E34: 51 4 01 17390 | F34: 200 | G34: =G35 -> 21818 | H34: =H35 -> 0 | I34: =G34+H34 -> 21818 | J34: =J35 -> 21818 | K34: =K35 -> 0 | L34: =L35 -> 21818 | M34: =M35 -> 21818 | N34: =N35 -> 0 | O34: =O35 -> 21818
A35: Иные закупки товаров, работ и услуг для обеспечения государственных (муниципальных) нужд | B35: 851 | C35: 01 | D35: 04 | E35: 51 4 01 17390 | F35: 240 | G35: =G36 -> 21818 | H35: =H36 -> 0 | I35: =G35+H35 -> 21818 | J35: =J36 -> 21818 | K35: =K36 -> 0 | L35: =L36 -> 21818 | M35: =M36 -> 21818 | N35: =N36 -> 0 | O35: =O36 -> 21818
A36: Прочая закупка товаров, работ и услуг | B36: 851 | C36: 01 | D36: 04 | E36: 51 4 01 17390 | F36: 244 | G36: 21818 | I36: =G36+H36 -> 21818 | J36: 21818 | L36: =J36+K36 -> 21818 | M36: 21818 | O36: =M36+N36 -> 21818
A37: Осуществление отдельных полномочий в области охраны труда и уведомительной регистрации территориальных соглашений и коллективных договоров | B37: 851 | C37: 01 | D37: 04 | E37: 51 4 01 17900 | G37: =G38+G42 -> 383338 | H37: =H38+H42 -> 0 | I37: =G37+H37 -> 383338 | J37: =J38+J42 -> 383338 | K37: =K38+K42 -> 0 | L37: =L38+L42 -> 383338 | M37: =M38+M42 -> 383338 | N37: =N38+N42 -> 0 | O37: =O38+O42 -> 383338
A38: Расходы на выплаты персоналу в целях обеспечения выполнения функций государственными (муниципальными) органами, казенными учреждениями, органами управления государственными внебюджетными фондами | B38: 851 | C38: 01 | D38: 04 | E38: 51 4 01 17900 | F38: 100 | G38: =G39 -> 288500 | H38: =H39 -> 0 | I38: =G38+H38 -> 288500 | J38: =J39 -> 288500 | K38: =K39 -> 0 | L38: =L39 -> 288500 | M38: =M39 -> 288500 | N38: =N39 -> 0 | O38: =O39 -> 288500
A39: Расходы на выплаты персоналу государственных (муниципальных) органов | B39: 851 | C39: 01 | D39: 04 | E39: 51 4 01 17900 | F39: 120 | G39: =G40+G41 -> 288500 | H39: =H40+H41 -> 0 | I39: =G39+H39 -> 288500 | J39: =J40+J41 -> 288500 | K39: =K40+K41 -> 0 | L39: =L40+L41 -> 288500 | M39: =M40+M41 -> 288500 | N39: =N40+N41 -> 0 | O39: =O40+O41 -> 288500
A40: Фонд оплаты труда государственных (муниципальных) органов | B40: 851 | C40: 01 | D40: 04 | E40: 51 4 01 17900 | F40: 121 | G40: 221600 | I40: =G40+H40 -> 221600 | J40: 221600 | L40: =J40+K40 -> 221600 | M40: 221600 | O40: =M40+N40 -> 221600
A41: Взносы по обязательному социальному страхованию на выплаты денежного содержания и иные выплаты работникам государственных (муниципальных) органов | B41: 851 | C41: 01 | D41: 04 | E41: 51 4 01 17900 | F41: 129 | G41: 66900 | I41: =G41+H41 -> 66900 | J41: 66900 | L41: =J41+K41 -> 66900 | M41: 66900 | O41: =M41+N41 -> 66900
A42: Закупка товаров, работ и услуг для обеспечения государственных (муниципальных) нужд | B42: 851 | C42: 01 | D42: 04 | E42: 51 4 01 17900 | F42: 200 | G42: =G43 -> 94838 | H42: =H43 -> 0 | I42: =G42+H42 -> 94838 | J42: =J43 -> 94838 | K42: =K43 -> 0 | L42: =L43 -> 94838 | M42: =M43 -> 94838 | N42: =N43 -> 0 | O42: =O43 -> 94838
A43: Иные закупки товаров, работ и услуг для обеспечения государственных (муниципальных) нужд | B43: 851 | C43: 01 | D43: 04 | E43: 51 4 01 17900 | F43: 240 | G43: =G44 -> 94838 | H43: =H44 -> 0 | I43: =G43+H43 -> 94838 | J43: =J44 -> 94838 | K43: =K44 -> 0 | L43: =L44 -> 94838 | M43: =M44 -> 94838 | N43: =N44 -> 0 | O43: =O44 -> 94838
A44: Прочая закупка товаров, работ и услуг | B44: 851 | C44: 01 | D44: 04 | E44: 51 4 01 17900 | F44: 244 | G44: 94838 | I44: =G44+H44 -> 94838 | J44: 94838 | L44: =J44+K44 -> 94838 | M44: 94838 | O44: =M44+N44 -> 94838
A45: Обеспечение деятельности главы местной администрации (исполнительно-распорядительного органа муниципального образования) | B45: 851 | C45: 01 | D45: 04 | E45: 51 4 01 80020 | G45: =G46 -> 2348200 | H45: =H46 -> 0 | I45: =G45+H45 -> 2348200 | J45: =J46 -> 2348200 | K45: =K46 -> 0 | L45: =L46 -> 2348200 | M45: =M46 -> 2348200 | N45: =N46 -> 0 | O45: =O46 -> 2348200
A46: Расходы на выплаты персоналу в целях обеспечения выполнения функций государственными (муниципальными) органами, казенными учреждениями, органами управления государственными внебюджетными фондами | B46: 851 | C46: 01 | D46: 04 | E46: 51 4 01 80020 | F46: 100 | G46: =G47 -> 2348200 | H46: =H47 -> 0 | I46: =G46+H46 -> 2348200 | J46: =J47 -> 2348200 | K46: =K47 -> 0 | L46: =L47 -> 2348200 | M46: =M47 -> 2348200 | N46: =N47 -> 0 | O46: =O47 -> 2348200
A47: Расходы на выплаты персоналу государственных (муниципальных) органов | B47: 851 | C47: 01 | D47: 04 | E47: 51 4 01 80020 | F47: 120 | G47: =G48+G49 -> 2348200 | H47: =H48+H49 -> 0 | I47: =G47+H47 -> 2348200 | J47: =J48+J49 -> 2348200 | K47: =K48+K49 -> 0 | L47: =L48+L49 -> 2348200 | M47: =M48+M49 -> 2348200 | N47: =N48+N49 -> 0 | O47: =O48+O49 -> 2348200
A48: Фонд оплаты труда государственных (муниципальных) органов | B48: 851 | C48: 01 | D48: 04 | E48: 51 4 01 80020 | F48: 121 | G48: 1803600 | I48: =G48+H48 -> 1803600 | J48: 1803600 | L48: =J48+K48 -> 1803600 | M48: 1803600 | O48: =M48+N48 -> 1803600
A49: Взносы по обязательному социальному страхованию на выплаты денежного содержания и иные выплаты работникам государственных (муниципальных) органов | B49: 851 | C49: 01 | D49: 04 | E49: 51 4 01 80020 | F49: 129 | G49: 544600 | I49: =G49+H49 -> 544600 | J49: 544600 | L49: =J49+K49 -> 544600 | M49: 544600 | O49: =M49+N49 -> 544600
A50: Руководство и управление в сфере установленных функций органов местного самоуправления | B50: 851 | C50: 01 | D50: 04 | E50: 51 4 01 80040 | G50: =G51+G56+G61 -> 37159970 | H50: =H51+H56+H61 -> 0 | I50: =G50+H50 -> 37159970 | J50: =J51+J56+J61 -> 32905200 | K50: =K51+K56+K61 -> -3334131 | L50: =L51+L56+L61 -> 29571069 | M50: =M51+M56+M61 -> 32905200 | N50: =N51+N56+N61 -> 0 | O50: =O51+O56+O61 -> 32905200
A51: Расходы на выплаты персоналу в целях обеспечения выполнения функций государственными (муниципальными) органами, казенными учреждениями, органами управления государственными внебюджетными фондами | B51: 851 | C51: 01 | D51: 04 | E51: 51 4 01 80040 | F51: 100 | G51: =G52 -> 31483200 | H51: =H52 -> 0 | I51: =G51+H51 -> 31483200 | J51: =J52 -> 30067600 | K51: =K52 -> -3334131 | L51: =L52 -> 26733469 | M51: =M52 -> 30067600 | N51: =N52 -> 0 | O51: =O52 -> 30067600
A52: Расходы на выплаты персоналу государственных (муниципальных) органов | B52: 851 | C52: 01 | D52: 04 | E52: 51 4 01 80040 | F52: 120 | G52: =G53+G54+G55 -> 31483200 | H52: =H53+H54+H55 -> 0 | I52: =G52+H52 -> 31483200 | J52: =J53+J54+J55 -> 30067600 | K52: =K53+K54+K55 -> -3334131 | L52: =L53+L54+L55 -> 26733469 | M52: =M53+M54+M55 -> 30067600 | N52: =N53+N54+N55 -> 0 | O52: =O53+O54+O55 -> 30067600
A53: Фонд оплаты труда государственных (муниципальных) органов | B53: 851 | C53: 01 | D53: 04 | E53: 51 4 01 80040 | F53: 121 | G53: 24091900 | I53: =G53+H53 -> 24091900 | J53: 23091900 | K53: -2500000 | L53: =J53+K53 -> 20591900 | M53: 23091900 | O53: =M53+N53 -> 23091900
A54: Иные выплаты персоналу государственных (муниципальных) органов, за исключением фонда оплаты труда | B54: 851 | C54: 01 | D54: 04 | E54: 51 4 01 80040 | F54: 122 | G54: 115600 | I54: =G54+H54 -> 115600 | J54: 0 | L54: =J54+K54 -> 0 | M54: 0 | O54: =M54+N54 -> 0
A55: Взносы по обязательному социальному страхованию на выплаты денежного содержания и иные выплаты работникам государственных (муниципальных) органов | B55: 851 | C55: 01 | D55: 04 | E55: 51 4 01 80040 | F55: 129 | G55: 7275700 | I55: =G55+H55 -> 7275700 | J55: 6975700 | K55: -834131 | L55: =J55+K55 -> 6141569 | M55: 6975700 | O55: =M55+N55 -> 6975700
A56: Закупка товаров, работ и услуг для обеспечения государственных (муниципальных) нужд | B56: 851 | C56: 01 | D56: 04 | E56: 51 4 01 80040 | F56: 200 | G56: =G57 -> 5578470 | H56: =H57 -> 0 | I56: =G56+H56 -> 5578470 | J56: =J57 -> 2739300 | K56: =K57 -> 0 | L56: =L57 -> 2739300 | M56: =M57 -> 2739300 | N56: =N57 -> 0 | O56: =O57 -> 2739300
A57: Иные закупки товаров, работ и услуг для обеспечения государственных (муниципальных) нужд | B57: 851 | C57: 01 | D57: 04 | E57: 51 4 01 80040 | F57: 240 | G57: =G58+G60+G59 -> 5578470 | H57: =H58+H60+H59 -> 0 | I57: =G57+H57 -> 5578470 | J57: =J58+J60+J59 -> 2739300 | K57: =K58+K60+K59 -> 0 | L57: =L58+L60+L59 -> 2739300 | M57: =M58+M60+M59 -> 2739300 | N57: =N58+N60+N59 -> 0 | O57: =O58+O60+O59 -> 2739300
A58: акупка товаров, работ и услуг в целях капитального ремонта государственного (муниципального) имущества | B58: 851 | C58: 01 | D58: 04 | E58: 51 4 01 80040 | F58: 243 | G58: 0 | H58: 0 | I58: =G58+H58 -> 0 | L58: =J58+K58 -> 0 | O58: =M58+N58 -> 0
A59: Прочая закупка товаров, работ и услуг | B59: 851 | C59: 01 | D59: 04 | E59: 51 4 01 80040 | F59: 244 | G59: 3056700 | H59: 0 | I59: =G59+H59 -> 3056700 | J59: 675800 | L59: =J59+K59 -> 675800 | M59: 675800 | O59: =M59+N59 -> 675800
A60: Закупка энергетических ресурсов | B60: 851 | C60: 01 | D60: 04 | E60: 51 4 01 80040 | F60: 247 | G60: 2521770 | H60: 0 | I60: =G60+H60 -> 2521770 | J60: 2063500 | L60: =J60+K60 -> 2063500 | M60: 2063500 | O60: =M60+N60 -> 2063500
A61: Иные бюджетные ассигнования | B61: 851 | C61: 01 | D61: 04 | E61: 51 4 01 80040 | F61: 800 | G61: =G62 -> 98300 | H61: =H62 -> 0 | I61: =G61+H61 -> 98300 | J61: =J62 -> 98300 | K61: =K62 -> 0 | L61: =L62 -> 98300 | M61: =M62 -> 98300 | N61: =N62 -> 0 | O61: =O62 -> 98300
A62: Уплата налогов, сборов и иных платежей | B62: 851 | C62: 01 | D62: 04 | E62: 51 4 01 80040 | F62: 850 | G62: =G63+G64 -> 98300 | H62: =H63+H64 -> 0 | I62: =G62+H62 -> 98300 | J62: =J63+J64 -> 98300 | K62: =K63+K64 -> 0 | L62: =L63+L64 -> 98300 | M62: =M63+M64 -> 98300 | N62: =N63+N64 -> 0 | O62: =O63+O64 -> 98300
A63: Уплата налога на имущество организаций и земельного налога | B63: 851 | C63: 01 | D63: 04 | E63: 51 4 01 80040 | F63: 851 | G63: 80200 | I63: =G63+H63 -> 80200 | J63: 80200 | L63: =J63+K63 -> 80200 | M63: 80200 | O63: =M63+N63 -> 80200
A64: Уплата прочих налогов, сборов | B64: 851 | C64: 01 | D64: 04 | E64: 51 4 01 80040 | F64: 852 | G64: 18100 | I64: =G64+H64 -> 18100 | J64: 18100 | L64: =J64+K64 -> 18100 | M64: 18100 | O64: =M64+N64 -> 18100
A65: Информационное освещение деятельности органов местного самоуправления | B65: 851 | C65: 01 | D65: 04 | E65: 51 4 01 80070 | G65: =G66 -> 100000 | H65: =H66 -> 0 | I65: =G65+H65 -> 100000 | J65: =J66 -> 0 | K65: =K66 -> 0 | L65: =L66 -> 0 | M65: =M66 -> 0 | N65: =N66 -> 0 | O65: =O66 -> 0
A66: Закупка товаров, работ и услуг для обеспечения государственных (муниципальных) нужд | B66: 851 | C66: 01 | D66: 04 | E66: 51 4 01 80070 | F66: 200 | G66: =G67 -> 100000 | H66: =H67 -> 0 | I66: =G66+H66 -> 100000 | J66: =J67 -> 0 | K66: =K67 -> 0 | L66: =L67 -> 0 | M66: =M67 -> 0 | N66: =N67 -> 0 | O66: =O67 -> 0
A67: Иные закупки товаров, работ и услуг для обеспечения государственных (муниципальных) нужд | B67: 851 | C67: 01 | D67: 04 | E67: 51 4 01 80070 | F67: 240 | G67: =G68 -> 100000 | H67: =H68 -> 0 | I67: =G67+H67 -> 100000 | J67: =J68 -> 0 | K67: =K68 -> 0 | L67: =L68 -> 0 | M67: =M68 -> 0 | N67: =N68 -> 0 | O67: =O68 -> 0
A68: Прочая закупка товаров, работ и услуг | B68: 851 | C68: 01 | D68: 04 | E68: 51 4 01 80070 | F68: 244 | G68: 100000 | I68: =G68+H68 -> 100000 | L68: =J68+K68 -> 0 | O68: =M68+N68 -> 0
A69: Опубликование нормативных правовых актов муниципальных образований и иной официальной информации | B69: 851 | C69: 01 | D69: 04 | E69: 51 4 01 80100 | G69: =G70 -> 100000 | H69: =H70 -> 0 | I69: =G69+H69 -> 100000 | J69: =J70 -> 0 | K69: =K70 -> 0 | L69: =L70 -> 0 | M69: =M70 -> 0 | N69: =N70 -> 0 | O69: =O70 -> 0
A70: Закупка товаров, работ и услуг для обеспечения государственных (муниципальных) нужд | B70: 851 | C70: 01 | D70: 04 | E70: 51 4 01 80100 | F70: 200 | G70: =G71 -> 100000 | H70: =H71 -> 0 | I70: =G70+H70 -> 100000 | J70: =J71 -> 0 | K70: =K71 -> 0 | L70: =L71 -> 0 | M70: =M71 -> 0 | N70: =N71 -> 0 | O70: =O71 -> 0
A71: Иные закупки товаров, работ и услуг для обеспечения государственных (муниципальных) нужд | B71: 851 | C71: 01 | D71: 04 | E71: 51 4 01 80100 | F71: 240 | G71: =G72 -> 100000 | H71: =H72 -> 0 | I71: =G71+H71 -> 100000 | J71: =J72 -> 0 | K71: =K72 -> 0 | L71: =L72 -> 0 | M71: =M72 -> 0 | N71: =N72 -> 0 | O71: =O72 -> 0
A72: Прочая закупка товаров, работ и услуг | B72: 851 | C72: 01 | D72: 04 | E72: 51 4 01 80100 | F72: 244 | G72: 100000 | I72: =G72+H72 -> 100000 | L72: =J72+K72 -> 0 | O72: =M72+N72 -> 0
A73: Членские взносы некоммерческим организациям | B73: 851 | C73: 01 | D73: 04 | E73: 51 4 01 81410 | G73: =G74 -> 78000 | H73: =H74 -> 0 | I73: =G73+H73 -> 78000 | J73: =J74 -> 0 | K73: =K74 -> 0 | L73: =L74 -> 0 | M73: =M74 -> 0 | N73: =N74 -> 0 | O73: =O74 -> 0
A74: Иные бюджетные ассигнования | B74: 851 | C74: 01 | D74: 04 | E74: 51 4 01 81410 | F74: 800 | G74: =G75 -> 78000 | H74: =H75 -> 0 | I74: =G74+H74 -> 78000 | J74: =J75 -> 0 | K74: =K75 -> 0 | L74: =L75 -> 0 | M74: =M75 -> 0 | N74: =N75 -> 0 | O74: =O75 -> 0
A75: Уплата налогов, сборов и иных платежей | B75: 851 | C75: 01 | D75: 04 | E75: 51 4 01 81410 | F75: 850 | G75: =G76 -> 78000 | H75: =H76 -> 0 | I75: =G75+H75 -> 78000 | J75: =J76 -> 0 | K75: =K76 -> 0 | L75: =J75+K75 -> 0 | M75: =M76 -> 0 | N75: =N76 -> 0 | O75: =M75+N75 -> 0
A76: Уплата иных платежей | B76: 851 | C76: 01 | D76: 04 | E76: 51 4 01 81410 | F76: 853 | G76: 78000 | I76: =G76+H76 -> 78000 | L76: =J76+K76 -> 0 | O76: =M76+N76 -> 0
A77: Реализация переданных полномочий по решению отдельных вопросов местного значения поселений в соответствии с заключенными соглашениями в части формирования архивных фондов поселений | B77: 851 | C77: 01 | D77: 04 | E77: 51 4 01 84220 | G77: =G78 -> 2500 | H77: =H78 -> 0 | I77: =G77+H77 -> 2500 | J77: =J78 -> 2500 | K77: =K78 -> 0 | L77: =L78 -> 2500 | M77: =M78 -> 2500 | N77: =N78 -> 0 | O77: =O78 -> 2500
A78: Закупка товаров, работ и услуг для обеспечения государственных (муниципальных) нужд | B78: 851 | C78: 01 | D78: 04 | E78: 51 4 01 84220 | F78: 200 | G78: =G79 -> 2500 | H78: =H79 -> 0 | I78: =G78+H78 -> 2500 | J78: =J79 -> 2500 | K78: =K79 -> 0 | L78: =L79 -> 2500 | M78: =M79 -> 2500 | N78: =N79 -> 0 | O78: =O79 -> 2500
A79: Иные закупки товаров, работ и услуг для обеспечения государственных (муниципальных) нужд | B79: 851 | C79: 01 | D79: 04 | E79: 51 4 01 84220 | F79: 240 | G79: =G80 -> 2500 | H79: =H80 -> 0 | I79: =G79+H79 -> 2500 | J79: =J80 -> 2500 | K79: =K80 -> 0 | L79: =L80 -> 2500 | M79: =M80 -> 2500 | N79: =N80 -> 0 | O79: =O80 -> 2500
A80: Прочая закупка товаров, работ и услуг | B80: 851 | C80: 01 | D80: 04 | E80: 51 4 01 84220 | F80: 244 | G80: 2500 | I80: =G80+H80 -> 2500 | J80: 2500 | L80: =J80+K80 -> 2500 | M80: 2500 | O80: =M80+N80 -> 2500
A81: Реализация переданных полномочий по решению отдельных вопросов местного значения поселений в соответствии с заключенными соглашениями в части осуществления муниципального земельного контроля в границах поселений | B81: 851 | C81: 01 | D81: 04 | E81: 51 4 01 84230 | G81: =G82 -> 600 | H81: =H82 -> 0 | I81: =G81+H81 -> 600 | J81: =J82 -> 600 | K81: =K82 -> 0 | L81: =L82 -> 600 | M81: =M82 -> 600 | N81: =N82 -> 0 | O81: =O82 -> 600
A82: Закупка товаров, работ и услуг для обеспечения государственных (муниципальных) нужд | B82: 851 | C82: 01 | D82: 04 | E82: 51 4 01 84230 | F82: 200 | G82: =G83 -> 600 | H82: =H83 -> 0 | I82: =G82+H82 -> 600 | J82: =J83 -> 600 | K82: =K83 -> 0 | L82: =L83 -> 600 | M82: =M83 -> 600 | N82: =N83 -> 0 | O82: =O83 -> 600
A83: Иные закупки товаров, работ и услуг для обеспечения государственных (муниципальных) нужд | B83: 851 | C83: 01 | D83: 04 | E83: 51 4 01 84230 | F83: 240 | G83: =G84 -> 600 | H83: =H84 -> 0 | I83: =G83+H83 -> 600 | J83: =J84 -> 600 | K83: =K84 -> 0 | L83: =L84 -> 600 | M83: =M84 -> 600 | N83: =N84 -> 0 | O83: =O84 -> 600
A84: Прочая закупка товаров, работ и услуг | B84: 851 | C84: 01 | D84: 04 | E84: 51 4 01 84230 | F84: 244 | G84: 600 | I84: =G84+H84 -> 600 | J84: 600 | L84: =J84+K84 -> 600 | M84: 600 | O84: =M84+N84 -> 600
A85: Реализация переданных полномочий по решению отдельных вопросов местного значения поселений в соответствии с заключенными соглашениями в части осуществления муниципального жилищного контроля | B85: 851 | C85: 01 | D85: 04 | E85: 51 4 01 84440 | G85: =G86 -> 600 | H85: =H86 -> 0 | I85: =G85+H85 -> 600 | J85: =J86 -> 600 | K85: =K86 -> 0 | L85: =L86 -> 600 | M85: =M86 -> 600 | N85: =N86 -> 0 | O85: =O86 -> 600
A86: Закупка товаров, работ и услуг для обеспечения государственных (муниципальных) нужд | B86: 851 | C86: 01 | D86: 04 | E86: 51 4 01 84440 | F86: 200 | G86: =G87 -> 600 | H86: =H87 -> 0 | I86: =G86+H86 -> 600 | J86: =J87 -> 600 | K86: =K87 -> 0 | L86: =L87 -> 600 | M86: =M87 -> 600 | N86: =N87 -> 0 | O86: =O87 -> 600
A87: Иные закупки товаров, работ и услуг для обеспечения государственных (муниципальных) нужд | B87: 851 | C87: 01 | D87: 04 | E87: 51 4 01 84440 | F87: 240 | G87: =G88 -> 600 | H87: =H88 -> 0 | I87: =G87+H87 -> 600 | J87: =J88 -> 600 | K87: =K88 -> 0 | L87: =L88 -> 600 | M87: =M88 -> 600 | N87: =N88 -> 0 | O87: =O88 -> 600
A88: Прочая закупка товаров, работ и услуг | B88: 851 | C88: 01 | D88: 04 | E88: 51 4 01 84440 | F88: 244 | G88: 600 | I88: =G88+H88 -> 600 | J88: 600 | L88: =J88+K88 -> 600 | M88: 600 | O88: =M88+N88 -> 600
A89: Реализация переданных полномочий по решению отдельных вопросов местного значения поселений в соответствии с заключенными соглашениями в части осуществления муниципального контроля на автомобильном транспорте, городском наземном электрическом транспорте и в дорожном хозяйстве в границах населенных пунктов поселения | B89: 851 | C89: 01 | D89: 04 | E89: 51 4 01 84450 | G89: =G90 -> 600 | H89: =H90 -> 0 | I89: =G89+H89 -> 600 | J89: =J90 -> 600 | K89: =K90 -> 0 | L89: =L90 -> 600 | M89: =M90 -> 600 | N89: =N90 -> 0 | O89: =O90 -> 600
A90: Закупка товаров, работ и услуг для обеспечения государственных (муниципальных) нужд | B90: 851 | C90: 01 | D90: 04 | E90: 51 4 01 84450 | F90: 200 | G90: =G91 -> 600 | H90: =H91 -> 0 | I90: =G90+H90 -> 600 | J90: =J91 -> 600 | K90: =K91 -> 0 | L90: =L91 -> 600 | M90: =M91 -> 600 | N90: =N91 -> 0 | O90: =O91 -> 600
A91: Иные закупки товаров, работ и услуг для обеспечения государственных (муниципальных) нужд | B91: 851 | C91: 01 | D91: 04 | E91: 51 4 01 84450 | F91: 240 | G91: =G92 -> 600 | H91: =H92 -> 0 | I91: =G91+H91 -> 600 | J91: =J92 -> 600 | K91: =K92 -> 0 | L91: =L92 -> 600 | M91: =M92 -> 600 | N91: =N92 -> 0 | O91: =O92 -> 600
A92: Прочая закупка товаров, работ и услуг | B92: 851 | C92: 01 | D92: 04 | E92: 51 4 01 84450 | F92: 244 | G92: 600 | I92: =G92+H92 -> 600 | J92: 600 | L92: =J92+K92 -> 600 | M92: 600 | O92: =M92+N92 -> 600
A93: Реализация переданных полномочий по решению отдельных вопросов местного значения поселений в соответствии с заключенными соглашениями в части осуществления муниципального контроля в сфере благоустройства | B93: 851 | C93: 01 | D93: 04 | E93: 51 4 01 84460 | G93: =G94 -> 2100 | H93: =H94 -> 0 | I93: =G93+H93 -> 2100 | J93: =J94 -> 2100 | K93: =K94 -> 0 | L93: =L94 -> 2100 | M93: =M94 -> 2100 | N93: =N94 -> 0 | O93: =O94 -> 2100
A94: Закупка товаров, работ и услуг для обеспечения государственных (муниципальных) нужд | B94: 851 | C94: 01 | D94: 04 | E94: 51 4 01 84460 | F94: 200 | G94: =G95 -> 2100 | H94: =H95 -> 0 | I94: =G94+H94 -> 2100 | J94: =J95 -> 2100 | K94: =K95 -> 0 | L94: =L95 -> 2100 | M94: =M95 -> 2100 | N94: =N95 -> 0 | O94: =O95 -> 2100
A95: Иные закупки товаров, работ и услуг для обеспечения государственных (муниципальных) нужд | B95: 851 | C95: 01 | D95: 04 | E95: 51 4 01 84460 | F95: 240 | G95: =G96 -> 2100 | H95: =H96 -> 0 | I95: =G95+H95 -> 2100 | J95: =J96 -> 2100 | K95: =K96 -> 0 | L95: =L96 -> 2100 | M95: =M96 -> 2100 | N95: =N96 -> 0 | O95: =O96 -> 2100
A96: Прочая закупка товаров, работ и услуг | B96: 851 | C96: 01 | D96: 04 | E96: 51 4 01 84460 | F96: 244 | G96: 2100 | I96: =G96+H96 -> 2100 | J96: 2100 | L96: =J96+K96 -> 2100 | M96: 2100 | O96: =M96+N96 -> 2100
A97: Судебная система | B97: 851 | C97: 01 | D97: 05 | G97: =G98 -> 43979 | H97: =H98 -> 0 | I97: =G97+H97 -> 43979 | J97: =J98 -> 4308 | K97: =K98 -> 0 | L97: =L98 -> 4308 | M97: =M98 -> 4662 | N97: =N98 -> 0 | O97: =O98 -> 4662
A98: Осуществление полномочий по составлению (изменению) списков кандидатов в присяжные заседатели федеральных судов общей юрисдикции в Российской Федерации | B98: 851 | C98: 01 | D98: 05 | E98: 51 4 04 51200 | G98: =G99 -> 43979 | H98: =H99 -> 0 | I98: =G98+H98 -> 43979 | J98: =J99 -> 4308 | K98: =K99 -> 0 | L98: =L99 -> 4308 | M98: =M99 -> 4662 | N98: =N99 -> 0 | O98: =O99 -> 4662
A99: Закупка товаров, работ и услуг для обеспечения государственных (муниципальных) нужд | B99: 851 | C99: 01 | D99: 05 | E99: 51 4 04 51200 | F99: 200 | G99: =G100 -> 43979 | H99: =H100 -> 0 | I99: =G99+H99 -> 43979 | J99: =J100 -> 4308 | K99: =K100 -> 0 | L99: =L100 -> 4308 | M99: =M100 -> 4662 | N99: =N100 -> 0 | O99: =O100 -> 4662
A100: Иные закупки товаров, работ и услуг для обеспечения государственных (муниципальных) нужд | B100: 851 | C100: 01 | D100: 05 | E100: 51 4 04 51200 | F100: 240 | G100: =G101 -> 43979 | H100: =H101 -> 0 | I100: =G100+H100 -> 43979 | J100: =J101 -> 4308 | K100: =K101 -> 0 | L100: =L101 -> 4308 | M100: =M101 -> 4662 | N100: =N101 -> 0 | O100: =O101 -> 4662
...

Sheet Расходы 
A1: Приложение 2 к пояснительной записке
A2: Изменение распределения бюджетных ассигнований по ведомственной структуре расходов бюджета Клетнянского муниципального района Брянской области на 2026 год и на плановый период 2027 и 2028 годов
A3: рублей
A4: Наименование | B4: ГРБС | C4: Рз | D4: Пр | E4: ЦСР | F4: ВР | G4: Предыдущее решение 2026 год | H4: Изменение 2026 год (+/-) | I4: Итог 2026 год | J4: Предыдущее решение 2026 год | K4: Изменение 2027 год (+/-) | L4: Итог 2027 год | M4: Предыдущее решение 2028 год | N4: Изменение 2028 год (+/-) | O4: Итог 2028 год
A5: 1 | B5: 2 | C5: 3 | D5: 4 | E5: 5 | F5: 6 | G5: 7 | H5: 8 | I5: 9 | J5: 10 | K5: 11 | L5: 12 | M5: 13 | N5: 14 | O5: 15
A6: Администрация Клетнянского района | B6: 851 | G6: =G7+G124+G134+G151+G195+G225+G235+G260+G315+G338 -> 4.304188e+08 | H6: =H7+H124+H134+H151+H195+H225+H235+H260+H315+H338 -> 6319298.4 | I6: =I7+I124+I134+I151+I195+I225+I235+I260+I315+I338 -> 4.367381e+08 | J6: =J7+J124+J134+J151+J195+J225+J235+J260+J315+J338 -> 1.8011994e+08 | K6: =K7+K124+K134+K151+K195+K225+K235+K260+K315+K338 -> 0 | L6: =L7+L124+L134+L151+L195+L225+L235+L260+L315+L338 -> 1.8011994e+08 | M6: =M7+M124+M134+M151+M195+M225+M235+M260+M315+M338 -> 1.4892004e+08 | N6: =N7+N124+N134+N151+N195+N225+N235+N260+N315+N338 -> 0 | O6: =O7+O124+O134+O151+O195+O225+O235+O260+O315+O338 -> 1.4892004e+08 | P6: =G6-'Расходы (2)'!I6 -> 0
A7: Общегосударственные вопросы | B7: 851 | C7: 01 | G7: =G8+G102+G107 -> 47809707 | H7: =H8+H102+H107 -> 861938.49 | I7: =I8+I102+I107 -> 48671645 | J7: =J8+J102+J107 -> 42654266 | K7: =K8+K102+K107 -> -3334131 | L7: =L8+L102+L107 -> 39320135 | M7: =M8+M102+M107 -> 42654620 | N7: =N8+N102+N107 -> 0 | O7: =O8+O102+O107 -> 42654620 | P7: =G7-'Расходы (2)'!I7 -> 0
A8: Функционирование Правительства Российской Федерации, высших исполнительных органов субъектов Российской Федерации, местных администраций | B8: 851 | C8: 01 | D8: 04 | G8: =G9+G17+G25+G29+G37+G45+G50+G77+G65+G69+G73+G81+G85+G89+G93+G97 -> 41786328 | H8: =H9+H17+H25+H29+H37+H45+H50+H77+H65+H69+H73+H81+H85+H89+H93+H97 -> 861938.49 | I8: =I9+I17+I25+I29+I37+I45+I50+I77+I65+I69+I73+I81+I85+I89+I93+I97 -> 42648266 | J8: =J9+J17+J25+J29+J37+J45+J50+J77+J65+J69+J73+J81+J85+J89+J93+J97 -> 37253558 | K8: =K9+K17+K25+K29+K37+K45+K50+K77+K65+K69+K73+K81+K85+K89+K93+K97 -> -3334131 | L8: =L9+L17+L25+L29+L37+L45+L50+L77+L65+L69+L73+L81+L85+L89+L93+L97 -> 33919427 | M8: =M9+M17+M25+M29+M37+M45+M50+M77+M65+M69+M73+M81+M85+M89+M93+M97 -> 37253558 | N8: =N9+N17+N25+N29+N37+N45+N50+N77+N65+N69+N73+N81+N85+N89+N93+N97 -> 0 | O8: =O9+O17+O25+O29+O37+O45+O50+O77+O65+O69+O73+O81+O85+O89+O93+O97 -> 37253558 | P8: =G8-'Расходы (2)'!I8 -> 0
A9: Осуществление отдельных государственных полномочий Брянской области в сфере деятельности по профилактике безнадзорности и правонарушений несовершеннолетних, организации деятельности административных комиссий и определения перечня должностных лиц органов местного самоуправления, уполномоченных составлять протоколы об административных правонарушениях (осуществление отдельных государственных полномочий Брянской области в сфере деятельности по профилактике безнадзорности и правонарушений несовершеннолетних) | B9: 851 | C9: 01 | D9: 04 | E9: 51 4 01 12021 | G9: =G10+G14 -> 766676 | H9: =H10+H14 -> 0 | I9: =G9+H9 -> 766676 | J9: =J10+J14 -> 766676 | K9: =K10+K14 -> 0 | L9: =L10+L14 -> 766676 | M9: =M10+M14 -> 766676 | N9: =N10+N14 -> 0 | O9: =O10+O14 -> 766676 | P9: =G9-'Расходы (2)'!I9 -> 0
A10: Расходы на выплаты персоналу в целях обеспечения выполнения функций государственными (муниципальными) органами, казенными учреждениями, органами управления государственными внебюджетными фондами | B10: 851 | C10: 01 | D10: 04 | E10: 51 4 01 12021 | F10: 100 | G10: =G11 -> 747400 | H10: =H11 -> 0 | I10: =G10+H10 -> 747400 | J10: =J11 -> 747400 | K10: =K11 -> 0 | L10: =L11 -> 747400 | M10: =M11 -> 747400 | N10: =N11 -> 0 | O10: =O11 -> 747400 | P10: =G10-'Расходы (2)'!I10 -> 0
A11: Расходы на выплаты персоналу государственных (муниципальных) органов | B11: 851 | C11: 01 | D11: 04 | E11: 51 4 01 12021 | F11: 120 | G11: =G12+G13 -> 747400 | H11: =H12+H13 -> 0 | I11: =G11+H11 -> 747400 | J11: =J12+J13 -> 747400 | K11: =K12+K13 -> 0 | L11: =L12+L13 -> 747400 | M11: =M12+M13 -> 747400 | N11: =N12+N13 -> 0 | O11: =O12+O13 -> 747400 | P11: =G11-'Расходы (2)'!I11 -> 0
A12: Фонд оплаты труда государственных (муниципальных) органов | B12: 851 | C12: 01 | D12: 04 | E12: 51 4 01 12021 | F12: 121 | G12: 574100 | I12: =G12+H12 -> 574100 | J12: 574100 | L12: =J12+K12 -> 574100 | M12: 574100 | O12: =M12+N12 -> 574100 | P12: =G12-'Расходы (2)'!I12 -> 0
A13: Взносы по обязательному социальному страхованию на выплаты денежного содержания и иные выплаты работникам государственных (муниципальных) органов | B13: 851 | C13: 01 | D13: 04 | E13: 51 4 01 12021 | F13: 129 | G13: 173300 | I13: =G13+H13 -> 173300 | J13: 173300 | L13: =J13+K13 -> 173300 | M13: 173300 | O13: =M13+N13 -> 173300 | P13: =G13-'Расходы (2)'!I13 -> 0
A14: Закупка товаров, работ и услуг для обеспечения государственных (муниципальных) нужд | B14: 851 | C14: 01 | D14: 04 | E14: 51 4 01 12021 | F14: 200 | G14: =G15 -> 19276 | H14: =H15 -> 0 | I14: =G14+H14 -> 19276 | J14: =J15 -> 19276 | K14: =K15 -> 0 | L14: =L15 -> 19276 | M14: =M15 -> 19276 | N14: =N15 -> 0 | O14: =O15 -> 19276 | P14: =G14-'Расходы (2)'!I14 -> 0
A15: Иные закупки товаров, работ и услуг для обеспечения государственных (муниципальных) нужд | B15: 851 | C15: 01 | D15: 04 | E15: 51 4 01 12021 | F15: 240 | G15: =G16 -> 19276 | H15: =H16 -> 0 | I15: =G15+H15 -> 19276 | J15: =J16 -> 19276 | K15: =K16 -> 0 | L15: =L16 -> 19276 | M15: =M16 -> 19276 | N15: =N16 -> 0 | O15: =O16 -> 19276 | P15: =G15-'Расходы (2)'!I15 -> 0
A16: Прочая закупка товаров, работ и услуг | B16: 851 | C16: 01 | D16: 04 | E16: 51 4 01 12021 | F16: 244 | G16: 19276 | I16: =G16+H16 -> 19276 | J16: 19276 | L16: =J16+K16 -> 19276 | M16: 19276 | O16: =M16+N16 -> 19276 | P16: =G16-'Расходы (2)'!I16 -> 0
A17: Осуществление отдельных государственных полномочий Брянской области в сфере деятельности по профилактике безнадзорности и правонарушений несовершеннолетних, организации деятельности административных комиссий и определения перечня должностных лиц органов местного самоуправления, уполномоченных составлять протоколы об административных правонарушениях (осуществление отдельных государственных полномочий Брянской области по организации деятельности административных комиссий) | B17: 851 | C17: 01 | D17: 04 | E17: 51 4 01 12022 | G17: =G18+G22 -> 766676 | H17: =H18+H22 -> 0 | I17: =G17+H17 -> 766676 | J17: =J18+J22 -> 766676 | K17: =K18+K22 -> 0 | L17: =L18+L22 -> 766676 | M17: =M18+M22 -> 766676 | N17: =N18+N22 -> 0 | O17: =O18+O22 -> 766676 | P17: =G17-'Расходы (2)'!I17 -> 0
A18: Расходы на выплаты персоналу в целях обеспечения выполнения функций государственными (муниципальными) органами, казенными учреждениями, органами управления государственными внебюджетными фондами | B18: 851 | C18: 01 | D18: 04 | E18: 51 4 01 12022 | F18: 100 | G18: =G19 -> 704100 | H18: =H19 -> 0 | I18: =G18+H18 -> 704100 | J18: =J19 -> 704100 | K18: =K19 -> 0 | L18: =L19 -> 704100 | M18: =M19 -> 704100 | N18: =N19 -> 0 | O18: =O19 -> 704100 | P18: =G18-'Расходы (2)'!I18 -> 0
A19: Расходы на выплаты персоналу государственных (муниципальных) органов | B19: 851 | C19: 01 | D19: 04 | E19: 51 4 01 12022 | F19: 120 | G19: =G20+G21 -> 704100 | H19: =H20+H21 -> 0 | I19: =G19+H19 -> 704100 | J19: =J20+J21 -> 704100 | K19: =K20+K21 -> 0 | L19: =L20+L21 -> 704100 | M19: =M20+M21 -> 704100 | N19: =N20+N21 -> 0 | O19: =O20+O21 -> 704100 | P19: =G19-'Расходы (2)'!I19 -> 0
A20: Фонд оплаты труда государственных (муниципальных) органов | B20: 852 | C20: 01 | D20: 04 | E20: 51 4 01 12022 | F20: 121 | G20: 540800 | I20: =G20+H20 -> 540800 | J20: 540800 | L20: =J20+K20 -> 540800 | M20: 540800 | O20: =M20+N20 -> 540800 | P20: =G20-'Расходы (2)'!I20 -> 0
A21: Взносы по обязательному социальному страхованию на выплаты денежного содержания и иные выплаты работникам государственных (муниципальных) органов | B21: 852 | C21: 01 | D21: 04 | E21: 51 4 01 12022 | F21: 129 | G21: 163300 | I21: =G21+H21 -> 163300 | J21: 163300 | L21: =J21+K21 -> 163300 | M21: 163300 | O21: =M21+N21 -> 163300 | P21: =G21-'Расходы (2)'!I21 -> 0
A22: Закупка товаров, работ и услуг для обеспечения государственных (муниципальных) нужд | B22: 851 | C22: 01 | D22: 04 | E22: 51 4 01 12022 | F22: 200 | G22: =G23 -> 62576 | H22: =H23 -> 0 | I22: =G22+H22 -> 62576 | J22: =J23 -> 62576 | K22: =K23 -> 0 | L22: =L23 -> 62576 | M22: =M23 -> 62576 | N22: =N23 -> 0 | O22: =O23 -> 62576 | P22: =G22-'Расходы (2)'!I22 -> 0
A23: Иные закупки товаров, работ и услуг для обеспечения государственных (муниципальных) нужд | B23: 851 | C23: 01 | D23: 04 | E23: 51 4 01 12022 | F23: 240 | G23: =G24 -> 62576 | H23: =H24 -> 0 | I23: =G23+H23 -> 62576 | J23: =J24 -> 62576 | K23: =K24 -> 0 | L23: =L24 -> 62576 | M23: =M24 -> 62576 | N23: =N24 -> 0 | O23: =O24 -> 62576 | P23: =G23-'Расходы (2)'!I23 -> 0
A24: Прочая закупка товаров, работ и услуг | B24: 851 | C24: 01 | D24: 04 | E24: 51 4 01 12021 | F24: 244 | G24: 62576 | I24: =G24+H24 -> 62576 | J24: 62576 | L24: =J24+K24 -> 62576 | M24: 62576 | O24: =M24+N24 -> 62576 | P24: =G24-'Расходы (2)'!I24 -> 0
A25: Осуществление отдельных государственных полномочий Брянской области в сфере деятельности по профилактике безнадзорности и правонарушений несовершеннолетних, организации деятельности административных комиссий и определения перечня должностных лиц органов местного самоуправления, уполномоченных составлять протоколы об административных правонарушениях (осуществление отдельных государственных полномочий Брянской области по определению перечня должностных лиц органов местного самоуправления, уполномоченных составлять протоколы об административных правонарушениях) | B25: 851 | C25: 01 | D25: 04 | E25: 51 4 01 12023 | G25: =G26 -> 400 | H25: =H26 -> 0 | I25: =G25+H25 -> 400 | J25: =J26 -> 400 | K25: =K26 -> 0 | L25: =L26 -> 400 | M25: =M26 -> 400 | N25: =N26 -> 0 | O25: =O26 -> 400 | P25: =G25-'Расходы (2)'!I25 -> 0
A26: Закупка товаров, работ и услуг для обеспечения государственных (муниципальных) нужд | B26: 851 | C26: 01 | D26: 04 | E26: 51 4 01 12023 | F26: 200 | G26: =G27 -> 400 | H26: =H27 -> 0 | I26: =G26+H26 -> 400 | J26: =J27 -> 400 | K26: =K27 -> 0 | L26: =L27 -> 400 | M26: =M27 -> 400 | N26: =N27 -> 0 | O26: =O27 -> 400 | P26: =G26-'Расходы (2)'!I26 -> 0
A27: Иные закупки товаров, работ и услуг для обеспечения государственных (муниципальных) нужд | B27: 851 | C27: 01 | D27: 04 | E27: 51 4 01 12023 | F27: 240 | G27: =G28 -> 400 | H27: =H28 -> 0 | I27: =G27+H27 -> 400 | J27: =J28 -> 400 | K27: =K28 -> 0 | L27: =L28 -> 400 | M27: =M28 -> 400 | N27: =N28 -> 0 | O27: =O28 -> 400 | P27: =G27-'Расходы (2)'!I27 -> 0
A28: Прочая закупка товаров, работ и услуг | B28: 851 | C28: 01 | D28: 04 | E28: 51 4 01 12023 | F28: 244 | G28: 400 | I28: =G28+H28 -> 400 | J28: 400 | L28: =J28+K28 -> 400 | M28: 400 | O28: =M28+N28 -> 400 | P28: =G28-'Расходы (2)'!I28 -> 0
A29: Установление регулируемых тарифов на регулярные перевозки пассажиров и багажа автомобильным транспортом и городским наземным электрическим транспортом по муниципальным маршрутам регулярных перевозок | B29: 851 | C29: 01 | D29: 04 | E29: 51 4 01 17390 | G29: =G30+G34 -> 76668 | H29: =H30+H34 -> 0 | I29: =G29+H29 -> 76668 | J29: =J30+J34 -> 76668 | K29: =K30+K34 -> 0 | L29: =L30+L34 -> 76668 | M29: =M30+M34 -> 76668 | N29: =N30+N34 -> 0 | O29: =O30+O34 -> 76668 | P29: =G29-'Расходы (2)'!I29 -> 0
A30: Расходы на выплаты персоналу в целях обеспечения выполнения функций государственными (муниципальными) органами, казенными учреждениями, органами управления государственными внебюджетными фондами | B30: 851 | C30: 01 | D30: 04 | E30: 51 4 01 17390 | F30: 100 | G30: =G31 -> 54850 | H30: =H31 -> 0 | I30: =G30+H30 -> 54850 | J30: =J31 -> 54850 | K30: =K31 -> 0 | L30: =L31 -> 54850 | M30: =M31 -> 54850 | N30: =N31 -> 0 | O30: =O31 -> 54850 | P30: =G30-'Расходы (2)'!I30 -> 0
A31: Расходы на выплаты персоналу государственных (муниципальных) органов | B31: 851 | C31: 01 | D31: 04 | E31: 51 4 01 17390 | F31: 120 | G31: =G32+G33 -> 54850 | H31: =H32+H33 -> 0 | I31: =G31+H31 -> 54850 | J31: =J32+J33 -> 54850 | K31: =K32+K33 -> 0 | L31: =L32+L33 -> 54850 | M31: =M32+M33 -> 54850 | N31: =N32+N33 -> 0 | O31: =O32+O33 -> 54850 | P31: =G31-'Расходы (2)'!I31 -> 0
A32: Фонд оплаты труда государственных (муниципальных) органов | B32: 851 | C32: 01 | D32: 04 | E32: 51 4 01 17390 | F32: 121 | G32: 42128 | I32: =G32+H32 -> 42128 | J32: 42128 | L32: =J32+K32 -> 42128 | M32: 42128 | O32: =M32+N32 -> 42128 | P32: =G32-'Расходы (2)'!I32 -> 0
A33: Взносы по обязательному социальному страхованию на выплаты денежного содержания и иные выплаты работникам государственных (муниципальных) органов | B33: 851 | C33: 01 | D33: 04 | E33: 51 4 01 17390 | F33: 129 | G33: 12722 | I33: =G33+H33 -> 12722 | J33: 12722 | L33: =J33+K33 -> 12722 | M33: 12722 | O33: =M33+N33 -> 12722 | P33: =G33-'Расходы (2)'!I33 -> 0
A34: Закупка товаров, работ и услуг для обеспечения государственных (муниципальных) нужд | B34: 851 | C34: 01 | D34: 04 | E34: 51 4 01 17390 | F34: 200 | G34: =G35 -> 21818 | H34: =H35 -> 0 | I34: =G34+H34 -> 21818 | J34: =J35 -> 21818 | K34: =K35 -> 0 | L34: =L35 -> 21818 | M34: =M35 -> 21818 | N34: =N35 -> 0 | O34: =O35 -> 21818 | P34: =G34-'Расходы (2)'!I34 -> 0
A35: Иные закупки товаров, работ и услуг для обеспечения государственных (муниципальных) нужд | B35: 851 | C35: 01 | D35: 04 | E35: 51 4 01 17390 | F35: 240 | G35: =G36 -> 21818 | H35: =H36 -> 0 | I35: =G35+H35 -> 21818 | J35: =J36 -> 21818 | K35: =K36 -> 0 | L35: =L36 -> 21818 | M35: =M36 -> 21818 | N35: =N36 -> 0 | O35: =O36 -> 21818 | P35: =G35-'Расходы (2)'!I35 -> 0
A36: Прочая закупка товаров, работ и услуг | B36: 851 | C36: 01 | D36: 04 | E36: 51 4 01 17390 | F36: 244 | G36: 21818 | I36: =G36+H36 -> 21818 | J36: 21818 | L36: =J36+K36 -> 21818 | M36: 21818 | O36: =M36+N36 -> 21818 | P36: =G36-'Расходы (2)'!I36 -> 0
A37: Осуществление отдельных полномочий в области охраны труда и уведомительной регистрации территориальных соглашений и коллективных договоров | B37: 851 | C37: 01 | D37: 04 | E37: 51 4 01 17900 | G37: =G38+G42 -> 383338 | H37: =H38+H42 -> 0 | I37: =G37+H37 -> 383338 | J37: =J38+J42 -> 383338 | K37: =K38+K42 -> 0 | L37: =L38+L42 -> 383338 | M37: =M38+M42 -> 383338 | N37: =N38+N42 -> 0 | O37: =O38+O42 -> 383338 | P37: =G37-'Расходы (2)'!I37 -> 0
A38: Расходы на выплаты персоналу в целях обеспечения выполнения функций государственными (муниципальными) органами, казенными учреждениями, органами управления государственными внебюджетными фондами | B38: 851 | C38: 01 | D38: 04 | E38: 51 4 01 17900 | F38: 100 | G38: =G39 -> 288500 | H38: =H39 -> 0 | I38: =G38+H38 -> 288500 | J38: =J39 -> 288500 | K38: =K39 -> 0 | L38: =L39 -> 288500 | M38: =M39 -> 288500 | N38: =N39 -> 0 | O38: =O39 -> 288500 | P38: =G38-'Расходы (2)'!I38 -> 0
A39: Расходы на выплаты персоналу государственных (муниципальных) органов | B39: 851 | C39: 01 | D39: 04 | E39: 51 4 01 17900 | F39: 120 | G39: =G40+G41 -> 288500 | H39: =H40+H41 -> 0 | I39: =G39+H39 -> 288500 | J39: =J40+J41 -> 288500 | K39: =K40+K41 -> 0 | L39: =L40+L41 -> 288500 | M39: =M40+M41 -> 288500 | N39: =N40+N41 -> 0 | O39: =O40+O41 -> 288500 | P39: =G39-'Расходы (2)'!I39 -> 0
A40: Фонд оплаты труда государственных (муниципальных) органов | B40: 851 | C40: 01 | D40: 04 | E40: 51 4 01 17900 | F40: 121 | G40: 221600 | I40: =G40+H40 -> 221600 | J40: 221600 | L40: =J40+K40 -> 221600 | M40: 221600 | O40: =M40+N40 -> 221600 | P40: =G40-'Расходы (2)'!I40 -> 0
A41: Взносы по обязательному социальному страхованию на выплаты денежного содержания и иные выплаты работникам государственных (муниципальных) органов | B41: 851 | C41: 01 | D41: 04 | E41: 51 4 01 17900 | F41: 129 | G41: 66900 | I41: =G41+H41 -> 66900 | J41: 66900 | L41: =J41+K41 -> 66900 | M41: 66900 | O41: =M41+N41 -> 66900 | P41: =G41-'Расходы (2)'!I41 -> 0
A42: Закупка товаров, работ и услуг для обеспечения государственных (муниципальных) нужд | B42: 851 | C42: 01 | D42: 04 | E42: 51 4 01 17900 | F42: 200 | G42: =G43 -> 94838 | H42: =H43 -> 0 | I42: =G42+H42 -> 94838 | J42: =J43 -> 94838 | K42: =K43 -> 0 | L42: =L43 -> 94838 | M42: =M43 -> 94838 | N42: =N43 -> 0 | O42: =O43 -> 94838 | P42: =G42-'Расходы (2)'!I42 -> 0
A43: Иные закупки товаров, работ и услуг для обеспечения государственных (муниципальных) нужд | B43: 851 | C43: 01 | D43: 04 | E43: 51 4 01 17900 | F43: 240 | G43: =G44 -> 94838 | H43: =H44 -> 0 | I43: =G43+H43 -> 94838 | J43: =J44 -> 94838 | K43: =K44 -> 0 | L43: =L44 -> 94838 | M43: =M44 -> 94838 | N43: =N44 -> 0 | O43: =O44 -> 94838 | P43: =G43-'Расходы (2)'!I43 -> 0
A44: Прочая закупка товаров, работ и услуг | B44: 851 | C44: 01 | D44: 04 | E44: 51 4 01 17900 | F44: 244 | G44: 94838 | I44: =G44+H44 -> 94838 | J44: 94838 | L44: =J44+K44 -> 94838 | M44: 94838 | O44: =M44+N44 -> 94838 | P44: =G44-'Расходы (2)'!I44 -> 0
A45: Обеспечение деятельности главы местной администрации (исполнительно-распорядительного органа муниципального образования) | B45: 851 | C45: 01 | D45: 04 | E45: 51 4 01 80020 | G45: =G46 -> 2348200 | H45: =H46 -> 0 | I45: =G45+H45 -> 2348200 | J45: =J46 -> 2348200 | K45: =K46 -> 0 | L45: =L46 -> 2348200 | M45: =M46 -> 2348200 | N45: =N46 -> 0 | O45: =O46 -> 2348200 | P45: =G45-'Расходы (2)'!I45 -> 0
A46: Расходы на выплаты персоналу в целях обеспечения выполнения функций государственными (муниципальными) органами, казенными учреждениями, органами управления государственными внебюджетными фондами | B46: 851 | C46: 01 | D46: 04 | E46: 51 4 01 80020 | F46: 100 | G46: =G47 -> 2348200 | H46: =H47 -> 0 | I46: =G46+H46 -> 2348200 | J46: =J47 -> 2348200 | K46: =K47 -> 0 | L46: =L47 -> 2348200 | M46: =M47 -> 2348200 | N46: =N47 -> 0 | O46: =O47 -> 2348200 | P46: =G46-'Расходы (2)'!I46 -> 0
A47: Расходы на выплаты персоналу государственных (муниципальных) органов | B47: 851 | C47: 01 | D47: 04 | E47: 51 4 01 80020 | F47: 120 | G47: =G48+G49 -> 2348200 | H47: =H48+H49 -> 0 | I47: =G47+H47 -> 2348200 | J47: =J48+J49 -> 2348200 | K47: =K48+K49 -> 0 | L47: =L48+L49 -> 2348200 | M47: =M48+M49 -> 2348200 | N47: =N48+N49 -> 0 | O47: =O48+O49 -> 2348200 | P47: =G47-'Расходы (2)'!I47 -> 0
A48: Фонд оплаты труда государственных (муниципальных) органов | B48: 851 | C48: 01 | D48: 04 | E48: 51 4 01 80020 | F48: 121 | G48: 1803600 | I48: =G48+H48 -> 1803600 | J48: 1803600 | L48: =J48+K48 -> 1803600 | M48: 1803600 | O48: =M48+N48 -> 1803600 | P48: =G48-'Расходы (2)'!I48 -> 0
A49: Взносы по обязательному социальному страхованию на выплаты денежного содержания и иные выплаты работникам государственных (муниципальных) органов | B49: 851 | C49: 01 | D49: 04 | E49: 51 4 01 80020 | F49: 129 | G49: 544600 | I49: =G49+H49 -> 544600 | J49: 544600 | L49: =J49+K49 -> 544600 | M49: 544600 | O49: =M49+N49 -> 544600 | P49: =G49-'Расходы (2)'!I49 -> 0
A50: Руководство и управление в сфере установленных функций органов местного самоуправления | B50: 851 | C50: 01 | D50: 04 | E50: 51 4 01 80040 | G50: =G51+G56+G61 -> 37159970 | H50: =H51+H56+H61 -> 0 | I50: =G50+H50 -> 37159970 | J50: =J51+J56+J61 -> 32905200 | K50: =K51+K56+K61 -> -3334131 | L50: =L51+L56+L61 -> 29571069 | M50: =M51+M56+M61 -> 32905200 | N50: =N51+N56+N61 -> 0 | O50: =O51+O56+O61 -> 32905200 | P50: =G50-'Расходы (2)'!I50 -> 0
A51: Расходы на выплаты персоналу в целях обеспечения выполнения функций государственными (муниципальными) органами, казенными учреждениями, органами управления государственными внебюджетными фондами | B51: 851 | C51: 01 | D51: 04 | E51: 51 4 01 80040 | F51: 100 | G51: =G52 -> 31483200 | H51: =H52 -> 0 | I51: =G51+H51 -> 31483200 | J51: =J52 -> 30067600 | K51: =K52 -> -3334131 | L51: =L52 -> 26733469 | M51: =M52 -> 30067600 | N51: =N52 -> 0 | O51: =O52 -> 30067600 | P51: =G51-'Расходы (2)'!I51 -> 0
A52: Расходы на выплаты персоналу государственных (муниципальных) органов | B52: 851 | C52: 01 | D52: 04 | E52: 51 4 01 80040 | F52: 120 | G52: =G53+G54+G55 -> 31483200 | H52: =H53+H54+H55 -> 0 | I52: =G52+H52 -> 31483200 | J52: =J53+J54+J55 -> 30067600 | K52: =K53+K54+K55 -> -3334131 | L52: =L53+L54+L55 -> 26733469 | M52: =M53+M54+M55 -> 30067600 | N52: =N53+N54+N55 -> 0 | O52: =O53+O54+O55 -> 30067600 | P52: =G52-'Расходы (2)'!I52 -> 0
A53: Фонд оплаты труда государственных (муниципальных) органов | B53: 851 | C53: 01 | D53: 04 | E53: 51 4 01 80040 | F53: 121 | G53: 24091900 | I53: =G53+H53 -> 24091900 | J53: 23091900 | K53: -2500000 | L53: =J53+K53 -> 20591900 | M53: 23091900 | O53: =M53+N53 -> 23091900 | P53: =G53-'Расходы (2)'!I53 -> 0
A54: Иные выплаты персоналу государственных (муниципальных) органов, за исключением фонда оплаты труда | B54: 851 | C54: 01 | D54: 04 | E54: 51 4 01 80040 | F54: 122 | G54: 115600 | I54: =G54+H54 -> 115600 | J54: 0 | L54: =J54+K54 -> 0 | M54: 0 | O54: =M54+N54 -> 0 | P54: =G54-'Расходы (2)'!I54 -> 0
A55: Взносы по обязательному социальному страхованию на выплаты денежного содержания и иные выплаты работникам государственных (муниципальных) органов | B55: 851 | C55: 01 | D55: 04 | E55: 51 4 01 80040 | F55: 129 | G55: 7275700 | I55: =G55+H55 -> 7275700 | J55: 6975700 | K55: -834131 | L55: =J55+K55 -> 6141569 | M55: 6975700 | O55: =M55+N55 -> 6975700 | P55: =G55-'Расходы (2)'!I55 -> 0
A56: Закупка товаров, работ и услуг для обеспечения государственных (муниципальных) нужд | B56: 851 | C56: 01 | D56: 04 | E56: 51 4 01 80040 | F56: 200 | G56: =G57 -> 5578470 | H56: =H57 -> 0 | I56: =G56+H56 -> 5578470 | J56: =J57 -> 2739300 | K56: =K57 -> 0 | L56: =L57 -> 2739300 | M56: =M57 -> 2739300 | N56: =N57 -> 0 | O56: =O57 -> 2739300 | P56: =G56-'Расходы (2)'!I56 -> 0
A57: Иные закупки товаров, работ и услуг для обеспечения государственных (муниципальных) нужд | B57: 851 | C57: 01 | D57: 04 | E57: 51 4 01 80040 | F57: 240 | G57: =G58+G60+G59 -> 5578470 | H57: =H58+H60+H59 -> 0 | I57: =G57+H57 -> 5578470 | J57: =J58+J60+J59 -> 2739300 | K57: =K58+K60+K59 -> 0 | L57: =L58+L60+L59 -> 2739300 | M57: =M58+M60+M59 -> 2739300 | N57: =N58+N60+N59 -> 0 | O57: =O58+O60+O59 -> 2739300 | P57: =G57-'Расходы (2)'!I57 -> 0
A58: акупка товаров, работ и услуг в целях капитального ремонта государственного (муниципального) имущества | B58: 851 | C58: 01 | D58: 04 | E58: 51 4 01 80040 | F58: 243 | G58: 0 | H58: 0 | I58: =G58+H58 -> 0 | L58: =J58+K58 -> 0 | O58: =M58+N58 -> 0 | P58: =G58-'Расходы (2)'!I58 -> 0
A59: Прочая закупка товаров, работ и услуг | B59: 851 | C59: 01 | D59: 04 | E59: 51 4 01 80040 | F59: 244 | G59: 3056700 | H59: 0 | I59: =G59+H59 -> 3056700 | J59: 675800 | L59: =J59+K59 -> 675800 | M59: 675800 | O59: =M59+N59 -> 675800 | P59: =G59-'Расходы (2)'!I59 -> 0
A60: Закупка энергетических ресурсов | B60: 851 | C60: 01 | D60: 04 | E60: 51 4 01 80040 | F60: 247 | G60: 2521770 | H60: 0 | I60: =G60+H60 -> 2521770 | J60: 2063500 | L60: =J60+K60 -> 2063500 | M60: 2063500 | O60: =M60+N60 -> 2063500 | P60: =G60-'Расходы (2)'!I60 -> 0
A61: Иные бюджетные ассигнования | B61: 851 | C61: 01 | D61: 04 | E61: 51 4 01 80040 | F61: 800 | G61: =G62 -> 98300 | H61: =H62 -> 0 | I61: =G61+H61 -> 98300 | J61: =J62 -> 98300 | K61: =K62 -> 0 | L61: =L62 -> 98300 | M61: =M62 -> 98300 | N61: =N62 -> 0 | O61: =O62 -> 98300 | P61: =G61-'Расходы (2)'!I61 -> 0
A62: Уплата налогов, сборов и иных платежей | B62: 851 | C62: 01 | D62: 04 | E62: 51 4 01 80040 | F62: 850 | G62: =G63+G64 -> 98300 | H62: =H63+H64 -> 0 | I62: =G62+H62 -> 98300 | J62: =J63+J64 -> 98300 | K62: =K63+K64 -> 0 | L62: =L63+L64 -> 98300 | M62: =M63+M64 -> 98300 | N62: =N63+N64 -> 0 | O62: =O63+O64 -> 98300 | P62: =G62-'Расходы (2)'!I62 -> 0
A63: Уплата налога на имущество организаций и земельного налога | B63: 851 | C63: 01 | D63: 04 | E63: 51 4 01 80040 | F63: 851 | G63: 80200 | I63: =G63+H63 -> 80200 | J63: 80200 | L63: =J63+K63 -> 80200 | M63: 80200 | O63: =M63+N63 -> 80200 | P63: =G63-'Расходы (2)'!I63 -> 0
A64: Уплата прочих налогов, сборов | B64: 851 | C64: 01 | D64: 04 | E64: 51 4 01 80040 | F64: 852 | G64: 18100 | I64: =G64+H64 -> 18100 | J64: 18100 | L64: =J64+K64 -> 18100 | M64: 18100 | O64: =M64+N64 -> 18100 | P64: =G64-'Расходы (2)'!I64 -> 0
A65: Информационное освещение деятельности органов местного самоуправления | B65: 851 | C65: 01 | D65: 04 | E65: 51 4 01 80070 | G65: =G66 -> 100000 | H65: =H66 -> 0 | I65: =G65+H65 -> 100000 | J65: =J66 -> 0 | K65: =K66 -> 0 | L65: =L66 -> 0 | M65: =M66 -> 0 | N65: =N66 -> 0 | O65: =O66 -> 0 | P65: =G65-'Расходы (2)'!I65 -> 0
A66: Закупка товаров, работ и услуг для обеспечения государственных (муниципальных) нужд | B66: 851 | C66: 01 | D66: 04 | E66: 51 4 01 80070 | F66: 200 | G66: =G67 -> 100000 | H66: =H67 -> 0 | I66: =G66+H66 -> 100000 | J66: =J67 -> 0 | K66: =K67 -> 0 | L66: =L67 -> 0 | M66: =M67 -> 0 | N66: =N67 -> 0 | O66: =O67 -> 0 | P66: =G66-'Расходы (2)'!I66 -> 0
A67: Иные закупки товаров, работ и услуг для обеспечения государственных (муниципальных) нужд | B67: 851 | C67: 01 | D67: 04 | E67: 51 4 01 80070 | F67: 240 | G67: =G68 -> 100000 | H67: =H68 -> 0 | I67: =G67+H67 -> 100000 | J67: =J68 -> 0 | K67: =K68 -> 0 | L67: =L68 -> 0 | M67: =M68 -> 0 | N67: =N68 -> 0 | O67: =O68 -> 0 | P67: =G67-'Расходы (2)'!I67 -> 0
A68: Прочая закупка товаров, работ и услуг | B68: 851 | C68: 01 | D68: 04 | E68: 51 4 01 80070 | F68: 244 | G68: 100000 | I68: =G68+H68 -> 100000 | L68: =J68+K68 -> 0 | O68: =M68+N68 -> 0 | P68: =G68-'Расходы (2)'!I68 -> 0
A69: Опубликование нормативных правовых актов муниципальных образований и иной официальной информации | B69: 851 | C69: 01 | D69: 04 | E69: 51 4 01 80100 | G69: =G70 -> 100000 | H69: =H70 -> 0 | I69: =G69+H69 -> 100000 | J69: =J70 -> 0 | K69: =K70 -> 0 | L69: =L70 -> 0 | M69: =M70 -> 0 | N69: =N70 -> 0 | O69: =O70 -> 0 | P69: =G69-'Расходы (2)'!I69 -> 0
A70: Закупка товаров, работ и услуг для обеспечения государственных (муниципальных) нужд | B70: 851 | C70: 01 | D70: 04 | E70: 51 4 01 80100 | F70: 200 | G70: =G71 -> 100000 | H70: =H71 -> 0 | I70: =G70+H70 -> 100000 | J70: =J71 -> 0 | K70: =K71 -> 0 | L70: =L71 -> 0 | M70: =M71 -> 0 | N70: =N71 -> 0 | O70: =O71 -> 0 | P70: =G70-'Расходы (2)'!I70 -> 0
A71: Иные закупки товаров, работ и услуг для обеспечения государственных (муниципальных) нужд | B71: 851 | C71: 01 | D71: 04 | E71: 51 4 01 80100 | F71: 240 | G71: =G72 -> 100000 | H71: =H72 -> 0 | I71: =G71+H71 -> 100000 | J71: =J72 -> 0 | K71: =K72 -> 0 | L71: =L72 -> 0 | M71: =M72 -> 0 | N71: =N72 -> 0 | O71: =O72 -> 0 | P71: =G71-'Расходы (2)'!I71 -> 0
A72: Прочая закупка товаров, работ и услуг | B72: 851 | C72: 01 | D72: 04 | E72: 51 4 01 80100 | F72: 244 | G72: 100000 | I72: =G72+H72 -> 100000 | L72: =J72+K72 -> 0 | O72: =M72+N72 -> 0 | P72: =G72-'Расходы (2)'!I72 -> 0
A73: Членские взносы некоммерческим организациям | B73: 851 | C73: 01 | D73: 04 | E73: 51 4 01 81410 | G73: =G74 -> 78000 | H73: =H74 -> 0 | I73: =G73+H73 -> 78000 | J73: =J74 -> 0 | K73: =K74 -> 0 | L73: =L74 -> 0 | M73: =M74 -> 0 | N73: =N74 -> 0 | O73: =O74 -> 0 | P73: =G73-'Расходы (2)'!I73 -> 0
A74: Иные бюджетные ассигнования | B74: 851 | C74: 01 | D74: 04 | E74: 51 4 01 81410 | F74: 800 | G74: =G75 -> 78000 | H74: =H75 -> 0 | I74: =G74+H74 -> 78000 | J74: =J75 -> 0 | K74: =K75 -> 0 | L74: =L75 -> 0 | M74: =M75 -> 0 | N74: =N75 -> 0 | O74: =O75 -> 0 | P74: =G74-'Расходы (2)'!I74 -> 0
A75: Уплата налогов, сборов и иных платежей | B75: 851 | C75: 01 | D75: 04 | E75: 51 4 01 81410 | F75: 850 | G75: =G76 -> 78000 | H75: =H76 -> 0 | I75: =G75+H75 -> 78000 | J75: =J76 -> 0 | K75: =K76 -> 0 | L75: =J75+K75 -> 0 | M75: =M76 -> 0 | N75: =N76 -> 0 | O75: =M75+N75 -> 0 | P75: =G75-'Расходы (2)'!I75 -> 0
A76: Уплата иных платежей | B76: 851 | C76: 01 | D76: 04 | E76: 51 4 01 81410 | F76: 853 | G76: 78000 | I76: =G76+H76 -> 78000 | L76: =J76+K76 -> 0 | O76: =M76+N76 -> 0 | P76: =G76-'Расходы (2)'!I76 -> 0
A77: Реализация переданных полномочий по решению отдельных вопросов местного значения поселений в соответствии с заключенными соглашениями в части формирования архивных фондов поселений | B77: 851 | C77: 01 | D77: 04 | E77: 51 4 01 84220 | G77: =G78 -> 2500 | H77: =H78 -> 0 | I77: =G77+H77 -> 2500 | J77: =J78 -> 2500 | K77: =K78 -> 0 | L77: =L78 -> 2500 | M77: =M78 -> 2500 | N77: =N78 -> 0 | O77: =O78 -> 2500 | P77: =G77-'Расходы (2)'!I77 -> 0
A78: Закупка товаров, работ и услуг для обеспечения государственных (муниципальных) нужд | B78: 851 | C78: 01 | D78: 04 | E78: 51 4 01 84220 | F78: 200 | G78: =G79 -> 2500 | H78: =H79 -> 0 | I78: =G78+H78 -> 2500 | J78: =J79 -> 2500 | K78: =K79 -> 0 | L78: =L79 -> 2500 | M78: =M79 -> 2500 | N78: =N79 -> 0 | O78: =O79 -> 2500 | P78: =G78-'Расходы (2)'!I78 -> 0
A79: Иные закупки товаров, работ и услуг для обеспечения государственных (муниципальных) нужд | B79: 851 | C79: 01 | D79: 04 | E79: 51 4 01 84220 | F79: 240 | G79: =G80 -> 2500 | H79: =H80 -> 0 | I79: =G79+H79 -> 2500 | J79: =J80 -> 2500 | K79: =K80 -> 0 | L79: =L80 -> 2500 | M79: =M80 -> 2500 | N79: =N80 -> 0 | O79: =O80 -> 2500 | P79: =G79-'Расходы (2)'!I79 -> 0
A80: Прочая закупка товаров, работ и услуг | B80: 851 | C80: 01 | D80: 04 | E80: 51 4 01 84220 | F80: 244 | G80: 2500 | I80: =G80+H80 -> 2500 | J80: 2500 | L80: =J80+K80 -> 2500 | M80: 2500 | O80: =M80+N80 -> 2500 | P80: =G80-'Расходы (2)'!I80 -> 0
A81: Реализация переданных полномочий по решению отдельных вопросов местного значения поселений в соответствии с заключенными соглашениями в части осуществления муниципального земельного контроля в границах поселений | B81: 851 | C81: 01 | D81: 04 | E81: 51 4 01 84230 | G81: =G82 -> 600 | H81: =H82 -> 0 | I81: =G81+H81 -> 600 | J81: =J82 -> 600 | K81: =K82 -> 0 | L81: =L82 -> 600 | M81: =M82 -> 600 | N81: =N82 -> 0 | O81: =O82 -> 600 | P81: =G81-'Расходы (2)'!I81 -> 0
A82: Закупка товаров, работ и услуг для обеспечения государственных (муниципальных) нужд | B82: 851 | C82: 01 | D82: 04 | E82: 51 4 01 84230 | F82: 200 | G82: =G83 -> 600 | H82: =H83 -> 0 | I82: =G82+H82 -> 600 | J82: =J83 -> 600 | K82: =K83 -> 0 | L82: =L83 -> 600 | M82: =M83 -> 600 | N82: =N83 -> 0 | O82: =O83 -> 600 | P82: =G82-'Расходы (2)'!I82 -> 0
A83: Иные закупки товаров, работ и услуг для обеспечения государственных (муниципальных) нужд | B83: 851 | C83: 01 | D83: 04 | E83: 51 4 01 84230 | F83: 240 | G83: =G84 -> 600 | H83: =H84 -> 0 | I83: =G83+H83 -> 600 | J83: =J84 -> 600 | K83: =K84 -> 0 | L83: =L84 -> 600 | M83: =M84 -> 600 | N83: =N84 -> 0 | O83: =O84 -> 600 | P83: =G83-'Расходы (2)'!I83 -> 0
A84: Прочая закупка товаров, работ и услуг | B84: 851 | C84: 01 | D84: 04 | E84: 51 4 01 84230 | F84: 244 | G84: 600 | I84: =G84+H84 -> 600 | J84: 600 | L84: =J84+K84 -> 600 | M84: 600 | O84: =M84+N84 -> 600 | P84: =G84-'Расходы (2)'!I84 -> 0
A85: Реализация переданных полномочий по решению отдельных вопросов местного значения поселений в соответствии с заключенными соглашениями в части осуществления муниципального жилищного контроля | B85: 851 | C85: 01 | D85: 04 | E85: 51 4 01 84440 | G85: =G86 -> 600 | H85: =H86 -> 0 | I85: =G85+H85 -> 600 | J85: =J86 -> 600 | K85: =K86 -> 0 | L85: =L86 -> 600 | M85: =M86 -> 600 | N85: =N86 -> 0 | O85: =O86 -> 600 | P85: =G85-'Расходы (2)'!I85 -> 0
A86: Закупка товаров, работ и услуг для обеспечения государственных (муниципальных) нужд | B86: 851 | C86: 01 | D86: 04 | E86: 51 4 01 84440 | F86: 200 | G86: =G87 -> 600 | H86: =H87 -> 0 | I86: =G86+H86 -> 600 | J86: =J87 -> 600 | K86: =K87 -> 0 | L86: =L87 -> 600 | M86: =M87 -> 600 | N86: =N87 -> 0 | O86: =O87 -> 600 | P86: =G86-'Расходы (2)'!I86 -> 0
A87: Иные закупки товаров, работ и услуг для обеспечения государственных (муниципальных) нужд | B87: 851 | C87: 01 | D87: 04 | E87: 51 4 01 84440 | F87: 240 | G87: =G88 -> 600 | H87: =H88 -> 0 | I87: =G87+H87 -> 600 | J87: =J88 -> 600 | K87: =K88 -> 0 | L87: =L88 -> 600 | M87: =M88 -> 600 | N87: =N88 -> 0 | O87: =O88 -> 600 | P87: =G87-'Расходы (2)'!I87 -> 0
A88: Прочая закупка товаров, работ и услуг | B88: 851 | C88: 01 | D88: 04 | E88: 51 4 01 84440 | F88: 244 | G88: 600 | I88: =G88+H88 -> 600 | J88: 600 | L88: =J88+K88 -> 600 | M88: 600 | O88: =M88+N88 -> 600 | P88: =G88-'Расходы (2)'!I88 -> 0
A89: Реализация переданных полномочий по решению отдельных вопросов местного значения поселений в соответствии с заключенными соглашениями в части осуществления муниципального контроля на автомобильном транспорте, городском наземном электрическом транспорте и в дорожном хозяйстве в границах населенных пунктов поселения | B89: 851 | C89: 01 | D89: 04 | E89: 51 4 01 84450 | G89: =G90 -> 600 | H89: =H90 -> 0 | I89: =G89+H89 -> 600 | J89: =J90 -> 600 | K89: =K90 -> 0 | L89: =L90 -> 600 | M89: =M90 -> 600 | N89: =N90 -> 0 | O89: =O90 -> 600 | P89: =G89-'Расходы (2)'!I89 -> 0
A90: Закупка товаров, работ и услуг для обеспечения государственных (муниципальных) нужд | B90: 851 | C90: 01 | D90: 04 | E90: 51 4 01 84450 | F90: 200 | G90: =G91 -> 600 | H90: =H91 -> 0 | I90: =G90+H90 -> 600 | J90: =J91 -> 600 | K90: =K91 -> 0 | L90: =L91 -> 600 | M90: =M91 -> 600 | N90: =N91 -> 0 | O90: =O91 -> 600 | P90: =G90-'Расходы (2)'!I90 -> 0
A91: Иные закупки товаров, работ и услуг для обеспечения государственных (муниципальных) нужд | B91: 851 | C91: 01 | D91: 04 | E91: 51 4 01 84450 | F91: 240 | G91: =G92 -> 600 | H91: =H92 -> 0 | I91: =G91+H91 -> 600 | J91: =J92 -> 600 | K91: =K92 -> 0 | L91: =L92 -> 600 | M91: =M92 -> 600 | N91: =N92 -> 0 | O91: =O92 -> 600 | P91: =G91-'Расходы (2)'!I91 -> 0
A92: Прочая закупка товаров, работ и услуг | B92: 851 | C92: 01 | D92: 04 | E92: 51 4 01 84450 | F92: 244 | G92: 600 | I92: =G92+H92 -> 600 | J92: 600 | L92: =J92+K92 -> 600 | M92: 600 | O92: =M92+N92 -> 600 | P92: =G92-'Расходы (2)'!I92 -> 0
A93: Реализация переданных полномочий по решению отдельных вопросов местного значения поселений в соответствии с заключенными соглашениями в части осуществления муниципального контроля в сфере благоустройства | B93: 851 | C93: 01 | D93: 04 | E93: 51 4 01 84460 | G93: =G94 -> 2100 | H93: =H94 -> 0 | I93: =G93+H93 -> 2100 | J93: =J94 -> 2100 | K93: =K94 -> 0 | L93: =L94 -> 2100 | M93: =M94 -> 2100 | N93: =N94 -> 0 | O93: =O94 -> 2100 | P93: =G93-'Расходы (2)'!I93 -> 0
A94: Закупка товаров, работ и услуг для обеспечения государственных (муниципальных) нужд | B94: 851 | C94: 01 | D94: 04 | E94: 51 4 01 84460 | F94: 200 | G94: =G95 -> 2100 | H94: =H95 -> 0 | I94: =G94+H94 -> 2100 | J94: =J95 -> 2100 | K94: =K95 -> 0 | L94: =L95 -> 2100 | M94: =M95 -> 2100 | N94: =N95 -> 0 | O94: =O95 -> 2100 | P94: =G94-'Расходы (2)'!I94 -> 0
A95: Иные закупки товаров, работ и услуг для обеспечения государственных (муниципальных) нужд | B95: 851 | C95: 01 | D95: 04 | E95: 51 4 01 84460 | F95: 240 | G95: =G96 -> 2100 | H95: =H96 -> 0 | I95: =G95+H95 -> 2100 | J95: =J96 -> 2100 | K95: =K96 -> 0 | L95: =L96 -> 2100 | M95: =M96 -> 2100 | N95: =N96 -> 0 | O95: =O96 -> 2100 | P95: =G95-'Расходы (2)'!I95 -> 0
A96: Прочая закупка товаров, работ и услуг | B96: 851 | C96: 01 | D96: 04 | E96: 51 4 01 84460 | F96: 244 | G96: 2100 | I96: =G96+H96 -> 2100 | J96: 2100 | L96: =J96+K96 -> 2100 | M96: 2100 | O96: =M96+N96 -> 2100 | P96: =G96-'Расходы (2)'!I96 -> 0
A97: Достижение показателей деятельности органов исполнительной власти субъектов Российской Федерации | B97: 851 | C97: 01 | D97: 04 | E97: 70 0 00 55490 | G97: =G98 -> 0 | H97: =H98 -> 861938.49 | I97: =G97+H97 -> 861938.49 | J97: =J98 -> 0 | K97: =K98 -> 0 | L97: =J97+K97 -> 0 | M97: =M98 -> 0 | N97: =N98 -> 0 | O97: =M97+N97 -> 0
A98: Расходы на выплаты персоналу в целях обеспечения выполнения функций государственными (муниципальными) органами, казенными учреждениями, органами управления государственными внебюджетными фондами | B98: 851 | C98: 01 | D98: 04 | E98: 70 0 00 55490 | F98: 100 | G98: =G99 -> 0 | H98: =H99 -> 861938.49 | I98: =G98+H98 -> 861938.49 | J98: =J99 -> 0 | K98: =K99 -> 0 | L98: =J98+K98 -> 0 | M98: =M99 -> 0 | N98: =N99 -> 0 | O98: =M98+N98 -> 0
A99: Расходы на выплаты персоналу государственных (муниципальных) органов | B99: 851 | C99: 01 | D99: 04 | E99: 70 0 00 55490 | F99: 120 | G99: =G100+G101 -> 0 | H99: =H100+H101 -> 861938.49 | I99: =G99+H99 -> 861938.49 | J99: =J100+J101 -> 0 | K99: =K100+K101 -> 0 | L99: =J99+K99 -> 0 | M99: =M100+M101 -> 0 | N99: =N100+N101 -> 0 | O99: =M99+N99 -> 0
A100: Фонд оплаты труда государственных (муниципальных) органов | B100: 851 | C100: 01 | D100: 04 | E100: 70 0 00 55490 | F100: 121 | H100: 662179 | I100: =G100+H100 -> 662179 | L100: =J100+K100 -> 0 | O100: =M100+N100 -> 0
...

Sheet Лист1
